 Dungeon Crawl Stone Soup version 0.20.1-1-g8b1a95d (webtiles) character file.

358 Gremour the Slasher (level 6, -11/70 HPs)
             Began as a Demonspawn Fighter on Dec 12, 2017.
             Was a Follower of Yredelemnul.
             Mangled by a two-headed ogre
             ... wielding a +0 giant spiked club
              (31 damage)
             ... on level 4 of the Dungeon.
             The game lasted 00:13:58 (2991 turns).

Gremour the Slasher (Demonspawn Fighter)            Turns: 2991, Time: 00:14:00

Health: -11/70     AC: 13    Str: 21    XL:     6   Next: 37%
Magic:  7/7        EV:  8    Int: 10    God:    Yredelemnul [*.....]
Gold:   221        SH:  9    Dex: 14    Spells: 5/5 levels left

rFire    + . .     SeeInvis .   a - +0 long sword
rCold    . . .     Gourm    .   c - +0 shield
rNeg     . . .     Faith    .   l - +2 ring mail {rPois}
rPois    +         Spirit   .   (helmet restricted)
rElec    .         Reflect  .   (no cloak)
rCorr    .         Harm     .   n - +1 pair of gloves
MR       .....                  (no boots)
Stlth    ..........             (no amulet)
Regen    0.3/turn               A - +4 ring of protection
MPRegen  0.1/turn               (no ring)

@: berserking, very quick
A: antennae 1, fire resistance 1
a: Animate Remains, Renounce Religion


You were on level 4 of the Dungeon.
You worshipped Yredelemnul.
Yredelemnul was aware of your devotion.
You were not hungry.

You visited 1 branch of the dungeon, and saw 4 of its levels.

You collected 221 gold pieces.

Inventory:

Hand Weapons
 a - a +0 long sword (weapon)
Armour
 c - a +0 shield (worn)
 l - a +2 ring mail of poison resistance (worn)
 n - a +1 pair of gloves (worn)
 v - a +2 ring mail of fire resistance
Jewellery
 A - a +4 ring of protection (left hand)
Wands
 y - a wand of flame (24/48)
 B - a wand of confusion (20/48)
Scrolls
 b - 2 scrolls of remove curse {unknown}
 g - 3 scrolls of teleportation {unknown}
 h - 2 scrolls of amnesia {unknown}
 i - 2 scrolls of identify
 j - a scroll of enchant armour {unknown}
 p - 2 scrolls of noise {unknown}
 u - a scroll of magic mapping {unknown}
 w - 3 scrolls of enchant weapon {unknown}
 x - 3 scrolls of fear {unknown}
Potions
 m - 2 potions of curing {unknown}
 o - a potion of might
 q - 3 potions of brilliance
 r - a potion of lignification {unknown}
 s - a potion of heal wounds {unknown}
 t - a potion of magic {unknown}
Books
 d - a book of Misfortune

   Spells                             Type                      Level
   a - Confusing Touch                Hexes                        1
   b - Confuse                        Hexes                        3
   c - Gell's Gravitas                Translocation                3
   d - Petrify                        Transmutation/Earth          4
   e - Metabolic Englaciation         Hexes/Ice                    5
   f - Yara's Violent Unravelling     Hexes/Transmutation          5
Comestibles
 f - 2 bread rations
 k - 3 royal jellies
 z - a chunk of flesh


   Skills:
 - Level 3.0 Fighting
 + Level 6.0 Long Blades
 - Level 2.6 Armour
 - Level 2.6 Shields
 * Level 1.8 Invocations


You had 5 spell levels left.
You didn't know any spells.

Dungeon Overview and Level Annotations

Branches:
Dungeon (4/15)
 Temple: D:4-7

Altars:
Ashenzari
Elyvilon
Gozag
Hepliaklqana
Ru
Sif Muna
Vehumet
Yredelemnul
Zin


Innate Abilities, Weirdness & Mutations

You have a pair of small antennae on your head.
Your flesh is heat resistant. (rF+)


Message History

You hit the two-headed ogre.
The two-headed ogre is heavily wounded.
Your hound zombie bites something.
The jackal bites something but does no damage.
Something barely misses your hound zombie.
You block the two-headed ogre's attack.
The two-headed ogre hits you with a giant spiked club!
* * * LOW HITPOINT WARNING * * *
Something barely misses the two-headed ogre.
Your hound zombie bites something.
A jackal comes into view.
You slash the two-headed ogre!
The two-headed ogre is severely wounded.
The jackal bites something.
Something barely misses your hound zombie.
The jackal completely misses your hound zombie.
Your hound zombie bites something.
The two-headed ogre hits you with a giant spiked club!!
You die...
Your body rises from the dead as a mindless zombie.

#......#..####.#####
..#.........# #....# ##
#.#......#Z.###....###
...#......<.#Z...........
#.##.##.####.####(..####
................#.......
.#...#.####.##.#.#.####
#.......##.##.#....... #
#...#@...#......#.#...
#.#...O##..#..#.#.#.#.##
###......Z{Z..............
.......Sh##.......#.......
########.###.###.####.#.##
......ZZ..##............#.
..(####h#.######.#####..#.
...........#......#.
.#.##.#####.#.###..#.


You could see a two-headed ogre, an adder, 2 jackals and a friendly hound
zombie.

Vanquished Creatures
  Duvessa (D:4)
  Dowan (D:4)
  2 hounds (D:4)
  An iguana (D:4)
  3 adders (D:3)
  A gnoll (D:1)
  2 leopard geckos
  3 orcs (D:4)
  A ball python (D:2)
  6 giant cockroaches
  3 goblins
  3 hobgoblins (D:1)
  21 jackals
  A quokka (D:2)
  4 bats
  5 frilled lizards
  5 kobolds
  9 rats
72 creatures vanquished.

Vanquished Creatures (collateral kills)
  An adder (D:4)
1 creature vanquished.

Grand Total: 73 creatures vanquished

Notes
Turn   | Place    | Note
-------+----------+-------------------------------------------
     0 | D:1      | Gremour the Demonspawn Fighter began the quest for the Orb.
     0 | D:1      | Reached XP level 1. HP: 18/18 MP: 1/1
    87 | D:1      | Reached skill level 2 in Long Blades
   102 | D:1      | Gained mutation: Your flesh is heat resistant. (rF+) [demonic ancestry]
   102 | D:1      | Reached XP level 2. HP: 8/24 MP: 2/2
   368 | D:1      | Reached skill level 3 in Long Blades
   455 | D:1      | Found a shattered altar of Ashenzari.
   646 | D:1      | Reached XP level 3. HP: 29/29 MP: 3/3
  1183 | D:2      | Found a deep blue altar of Sif Muna.
  1183 | D:2      | Found a white marble altar of Elyvilon.
  1302 | D:2      | Found a basalt altar of Yredelemnul.
  1304 | D:2      | Found an opulent altar of Gozag.
  1329 | D:2      | Became a worshipper of Yredelemnul the Dark
  1436 | D:2      | Found a glowing silver altar of Zin.
  1490 | D:2      | Found a hazy altar of Hepliaklqana.
  1620 | D:3      | Found a radiant altar of Vehumet.
  1635 | D:3      | Found a sacrificial altar of Ru.
  1691 | D:3      | Gained mutation: You have a pair of small antennae on your head. [demonic ancestry]
  1691 | D:3      | Reached XP level 4. HP: 28/35 MP: 4/4
  1727 | D:3      | Reached skill level 4 in Long Blades
  2388 | D:4      | Reached * piety under Yredelemnul
  2516 | D:4      | Reached skill level 5 in Long Blades
  2516 | D:4      | Reached XP level 5. HP: 41/41 MP: 5/5
  2603 | D:4      | Noticed Duvessa
  2606 | D:4      | Noticed Dowan
  2612 | D:4      | Killed Duvessa
  2612 | D:4      | Reached skill level 1 in Invocations
  2612 | D:4      | Reached XP level 6. HP: 47/47 MP: 5/7
  2616 | D:4      | Killed Dowan
  2616 | D:4      | Reached skill level 6 in Long Blades
  2980 | D:4      | Noticed a two-headed ogre
  2991 | D:4      | Mangled by a two-headed ogre

Skill      XL: |  1  2  3  4  5  6 |
---------------+-------------------+-----
Long Blades    | 2 3 5 6 |  6.0
Invocations    | 1 |  1.8
Fighting       | |  3.0
Armour         | |  2.6
Shields        | |  2.6

Action                   |  1- 3 |  4- 6 || total
-------------------------+-------+-------++-------
Melee: Long sword        |   134 |   118 ||   252
Invok: Animate Remains   |       |     3 ||     3
  Use: Potion            |     1 |     2 ||     3
       Scroll            |       |     2 ||     2
 Stab: Distracted        |       |     1 ||     1
  Eat: Chunk             |     3 |     5 ||     8
Armor: Scale mail        |    39 |       ||    39
       Ring mail         |    21 |    67 ||    88
Dodge: Dodged            |    49 |    54 ||   103
Block: Shield            |    79 |    71 ||   150
       Rpst.: Long sword |    22 |    21 ||    43
